 Dungeon Crawl Stone Soup version 0.24-a0-201-gf205589 (console) character file.

Game seed: 18325040409353351699

259 bli the Magician (level 5, -6/41 HPs)
             Began as a Draconian Earth Elementalist on Mar 25, 2019.
             Was an Initiate of Vehumet.
             Mangled by Edmund
             ... wielding a +7 dire flail of protection
              (12 damage)
             ... on level 5 of the Dungeon.
             The game lasted 00:11:01 (2747 turns).

bli the Magician (Draconian Earth Elementalist)     Turns: 2747, Time: 00:11:01

Health: -6/41      AC:  6    Str: 10    XL:     5   Next: 95%
Magic:  4/12       EV: 12    Int: 23    God:    Vehumet [......]
Gold:   105        SH:  0    Dex: 12    Spells: 9/13 levels left

rFire    . . .     SeeInvis .   o - +2 short sword (venom)
rCold    . . .     Gourm    .   (no shield)
rNeg     . . .     Faith    .   (armour unavailable)
rPois    .         Spirit   .   (helmet restricted)
rElec    .         Reflect  .   (no cloak)
rCorr    .         Harm     .   d - +0 pair of gloves
MR       .....                  (no boots)
Stlth    ++........             f - amulet of magic regeneration
HPRegen  0.13/turn              l - +4 ring of intelligence
MPRegen  0.38/turn              t - +3 ring of intelligence

@: very slightly contaminated
A: unfitting armour, cold-blooded, AC +5
a: Renounce Religion


You were on level 5 of the Dungeon.
You worshipped Vehumet.
Vehumet was noncommittal.
You were not hungry.

You visited 2 branches of the dungeon, and saw 6 of its levels.

You collected 165 gold pieces.
You spent 60 gold pieces at shops.

Inventory:

Hand Weapons
 a - a +0 spear of distortion
 g - a +0 hand axe
 o - a +2 short sword of venom (weapon)
 q - a +0 dagger of venom
Missiles
 b - 124 stones (quivered)
Armour
 d - a +0 pair of gloves (worn)
Jewellery
 f - an amulet of magic regeneration (around neck)
 l - a +4 ring of intelligence (left hand)
 t - a +3 ring of intelligence (right hand)
 w - an uncursed ring of stealth
 y - an uncursed ring of attention
Scrolls
 h - 2 scrolls of teleportation {unknown}
 i - 3 scrolls of remove curse
 m - 4 scrolls of immolation
 n - a scroll of fog {unknown}
 A - a scroll of enchant weapon {unknown}
 C - 4 scrolls of identify
 E - a scroll of enchant armour {unknown}
Potions
 e - a potion of might {unknown}
 j - a potion of lignification {unknown}
 k - a potion of flight {unknown}
 p - 2 potions of mutation {unknown}
 r - a potion of heal wounds {unknown}
 s - a potion of curing {unknown}
 u - 3 potions of agility {unknown}
 x - a potion of magic {unknown}
 z - 2 potions of haste {unknown}
 B - a potion of invisibility {unknown}
 D - a potion of ambrosia {unknown}
Comestibles
 c - 6 rations
 v - 3 chunks of flesh


   Skills:
 + Level 1.8 Fighting
 + Level 2.0 Dodging
 - Level 1.7 Stealth
 * Level 4.9 Spellcasting
 * Level 1.2 Conjurations
   Level 1.0 Transmutations
 + Level 3.4 Earth Magic


You had 9 spell levels left.
You knew the following spells:

 Your Spells              Type           Power        Failure   Level  Hunger
a - Stone Arrow           Conj/Erth      ###...       11%         3    ##.....
b - Sandblast             Erth           ###...       2%          1    None

Your spell library contained the following spells:

 Spells                   Type           Power        Failure   Level  Hunger
 Passwall                 Tmut/Erth      ###.....     6%          2    None
 Petrify                  Tmut/Erth      ###.....     36%         4    ####...
 Lee's Rapid Deconstruct  Erth           ###.......   54%         5    #####..


Dungeon Overview and Level Annotations

Branches:
Dungeon (5/15)             Temple (1/1) D:4

Altars:
Ashenzari
Cheibriados
Kikubaaqudgha
Makhleb
Qazlal
Ru
Trog
Vehumet
Wu Jian
Xom
Yredelemnul
The Shining One

Shops:
D:4 ?   D:5 :

Annotations:
D:5 Edmund


Innate Abilities, Weirdness & Mutations

Your plain brown scales are hard. (AC +5)
You cannot fit into any form of body armour.
You are cold-blooded and may be slowed by cold attacks.


Message History

Edmund is severely wounded.
Edmund hits you with a +7 dire flail of protection!
Casting: Sandblast (safe; 2% risk of failure)
Confirm with . or Enter, or press ? or * to list all spells.
Aiming: Sandblast (safe; 2% risk of failure)
Press: ? - help, Shift-Dir - straight line, f/p - Edmund
Aim: Edmund, wielding a +7 dire flail of protection and wearing a +0 ring mail (severely wounded, poisoned)
The blast of sand misses Edmund.
b - 124 stones Edmund hits you with a +7 dire flail of protection!
* * * LOW HITPOINT WARNING * * *
Casting: Sandblast (safe; 2% risk of failure)
Confirm with . or Enter, or press ? or * to list all spells.
Aiming: Stone Arrow (safe; 11% risk of failure)
Press: ? - help, Shift-Dir - straight line, f/p - Edmund
Aim: Edmund, wielding a +7 dire flail of protection and wearing a +0 ring mail (severely wounded, poisoned)
The stone arrow hits Edmund.
Edmund is severely wounded.
Edmund hits you with a +7 dire flail of protection!
You die...

#### ## .... .. #..#
.. #..# #.. ..
#..### ...#.
#@..###########.. #
#.@....#.....##..##
#...#..........#..#
#...###...........#
#...###.............
#.>.# #.............
#...###.............
#...##.............#
#..###.............#
##...........##
##..........#
##....[...##


You could see Edmund.

Vanquished Creatures
  A crimson imp (D:5)
  2 jellies
  An orc wizard (D:4)
  A worker ant (D:5)
  3 adders
  A worm (D:3)
  5 dart slugs
  6 leopard geckos
  4 giant cockroaches
  8 goblins
  4 hobgoblins
  6 jackals
  5 kobolds
  3 quokkas
  2 ball pythons
  A ball python skeleton (D:4)
  4 bats
  3 frilled lizards
  A quokka skeleton (D:3)
  10 rats
71 creatures vanquished.

Notes
Turn   | Place    | Note
-------+----------+-------------------------------------------
     0 | D:1      | bli the Draconian Earth Elementalist began the quest for
                  | the Orb.
     0 | D:1      | Reached XP level 1. HP: 14/14 MP: 3/3
   355 | D:1      | Reached XP level 2. HP: 18/20 MP: 2/5
   416 | D:1      | Reached skill level 3 in Spellcasting
   589 | D:1      | Reached XP level 3. HP: 21/27 MP: 7/7
   594 | D:1      | Learned a level 3 spell: Stone Arrow
   775 | D:2      | Found an ornate altar of the Wu Jian Council.
  1000 | D:2      | Reached skill level 1 in Fighting
  1138 | D:2      | Reached XP level 4. HP: 34/35 MP: 6/9
  1440 | D:3      | Reached skill level 4 in Spellcasting
  2066 | D:4      | Found a staircase to the Ecumenical Temple.
  2080 | Temple   | Entered the Ecumenical Temple
  2102 | Temple   | Became a worshipper of Vehumet
  2181 | D:4      | Reached XP level 5. HP: 40/40 MP: 11/11
  2320 | D:4      | Found Kuynad's Magic Scroll Shoppe.
  2328 | D:4      | Bought a scroll of identify for 24 gold pieces
  2328 | D:4      | Bought a scroll of remove curse for 36 gold pieces
  2658 | D:5      | Entered Level 5 of the Dungeon
  2667 | D:5      | Found Luwn's Book Shop.
  2688 | D:5      | Reached skill level 1 in Conjurations
  2731 | D:5      | Noticed Edmund
  2747 | D:5      | Mangled by Edmund

Levels and vault maps discovered:
D:1:      dpeg_arrival_prison, layout_rooms
D:2:      layout_basic, lemuel_crystal_altar, first_ration
D:3:      layout_rooms, serial_co_window_serial, co_window_paths_a,
          co_window_cross_1, co_window_corner_a, co_window_of_opportunity_a,
          co_window_paths_a, co_window_paths_c, co_window_2corner,
          co_window_cross_3, co_window_unsneaky_path_e, co_window_broadway_b,
          glass_columns_c, glass_columns_a, glass_columns_a
D:4:      layout_loops_ring, minmay_temple_entry_poolview, serial_shops,
          nicolae_shop_stone, minmay_fractal_squares_diagonal_5
D:5:      layout_cave_pods, marbit_many_paths, lemuel_crystal_altar,
          serial_shops, shop, cheibrodos_ashenzari_chains, uniq_edmund
Temple:   minmay_temple_bridge_abc

Skill      XL: |  1  2  3  4  5 |
---------------+----------------+-----
Spellcasting   | 3 4 |  4.9
Fighting       | 1 |  1.8
Conjurations   | 1 |  1.2
Dodging        | 2 |  2.0
Stealth        | |  1.7
Transmutations | |  1.0
Earth Magic    | |  3.4

Action                   |  1- 3 |  4- 6 || total
-------------------------+-------+-------++-------
Melee: Hand axe          |    28 |       ||    28
       Unarmed           |     5 |       ||     5
       Tailslap          |     5 |     2 ||     7
       Short sword       |    29 |    50 ||    79
 Cast: Sandblast         |    23 |    24 ||    47
       Stone Arrow       |       |     4 ||     4
  Use: Scroll            |       |     2 ||     2
 Stab: Sleeping          |     1 |     1 ||     2
  Eat: Chunk             |     1 |     5 ||     6
Armor: Skin              |    20 |    19 ||    39
Dodge: Dodged            |    64 |    28 ||    92

Table legend:
 A = Non-vault XP
 B = Vault XP
 C = Vault XP percentage of total XP
 D = Non-vault monster count
 E = Vault monster count
 F = Vault count percentage of total count
                 A         B        C        D         E       F
            +---------+---------+-------+---------+---------+-------
      Total |     329 |      42 |  11.3 |      68 |       3 |   4.2
            +---------+---------+-------+---------+---------+-------
        D:1 |      43 |       1 |   2.3 |      22 |       1 |   4.3
        D:2 |      62 |       0 |   0.0 |      20 |       0 |   0.0
        D:3 |      62 |       0 |   0.0 |      11 |       0 |   0.0
        D:4 |      36 |      41 |  53.2 |      12 |       2 |  14.3
        D:5 |     126 |       0 |   0.0 |       3 |       0 |   0.0
            +---------+---------+-------+---------+---------+-------
